[ AOE2 MATCH · #504653569 ]
UnrankedChinese vs Persians
Player's team · LOSS
Rival team · WIN
[ REPLAY ANALYSIS · EXTRACTED FROM THE RECORDED GAME ]
Feudal
9:44
Castle
33:05
Imperial
54:55
| APM avg | 60.6 |
| APM peak | 137 |
| eAPM avg | 20.8 |
| Villagers / military | 128 / 214 |
Focus
⚔️ 42.3% · 🌾 57.7%
Archer ×89 · Fire Lancer ×65 · Spearman ×30 · Scorpion ×14 · Knight ×6 · Trebuchet (Packed) ×6
Feudal
20:15
Castle
30:34
Imperial
48:41
| APM avg | 42.8 |
| APM peak | 113 |
| eAPM avg | 21.8 |
| Villagers / military | 260 / 458 |
Focus
⚔️ 32.2% · 🌾 67.8%
Skirmisher ×282 · Spearman ×66 · Scout Cavalry ×46 · Militia ×40 · Trebuchet (Packed) ×12 · Monk ×5
Match map
Initial resources + every placement click. Lines = walls · curves = elevation contours. ◆ gold · ⬟ stone · ● berries · ✦ relic · ◌ wall gap
Your base· Open — unwalled flank
apyrupa_Veloz's base· Open — unwalled flank
Smoothed initial terrain · ◌ = detected wall gap · hover for details
Inputs per minute
— Mr Robot - - apyrupa_Veloz
Build order — Mr Robot
First 150 of 539 actions detected
| 0:00 | Research | Loom |
| 0:50 | Queue | Villager (Male) |
| 0:50 | Queue | Villager (Male) |
| 1:16 | Queue | Villager (Male) |
| 1:17 | Queue | Villager (Male) |
| 1:39 | Queue | Villager (Male) |
| 1:39 | Queue | Villager (Male) |
| 2:07 | Queue | Villager (Male) |
| 2:07 | Queue | Villager (Male) |
| 2:22 | Build | Lumber Camp |
| 2:32 | Queue | Villager (Male) |
| 2:33 | Queue | Villager (Male) |
| 2:54 | Queue | Villager (Male) |
| 2:54 | Queue | Villager (Male) |
| 3:03 | Build | House |
| 3:04 | Build | House |
| 3:12 | Queue | Villager (Male) |
| 3:12 | Queue | Villager (Male) |
| 3:35 | Queue | Villager (Male) |
| 3:35 | Queue | Villager (Male) |
| 3:35 | Queue | Villager (Male) |
| 4:04 | Queue | Villager (Male) |
| 4:04 | Queue | Villager (Male) |
| 4:54 | Queue | Villager (Male) |
| 4:54 | Queue | Villager (Male) |
| 5:08 | Build | Mill |
| 5:26 | Queue | Villager (Male) |
| 5:27 | Queue | Villager (Male) |
| 5:27 | Queue | Villager (Male) |
| 5:27 | Queue | Villager (Male) |
| 6:34 | Queue | Villager (Male) |
| 7:09 | Queue | Villager (Male) |
| 7:33 | Research | Feudal Age |
| 7:56 | Build | Barracks |
| 8:19 | Build | House |
| 8:52 | Build | Mining Camp |
| 9:23 | Build | Lumber Camp |
| 9:44 | Age | Feudal Age |
| 9:46 | Queue | Villager (Male) |
| 10:00 | Queue | Militia |
| 10:00 | Queue | Militia |
| 10:36 | Build | Archery Range |
| 10:39 | Queue | Villager (Male) |
| 10:39 | Queue | Villager (Male) |
| 11:04 | Queue | Villager (Male) |
| 11:08 | Queue | Archer |
| 11:08 | Queue | Archer |
| 11:16 | Queue | Villager (Male) |
| 11:16 | Queue | Villager (Male) |
| 12:10 | Queue | Archer |
| 12:10 | Queue | Archer |
| 12:33 | Queue | Archer |
| 12:34 | Queue | Archer |
| 12:58 | Queue | Archer |
| 12:58 | Queue | Archer |
| 13:00 | Build | House |
| 15:27 | Build | Lumber Camp |
| 15:31 | Build | House |
| 16:29 | Build | Archery Range |
| 16:53 | Build | House |
| 17:10 | Queue | Archer |
| 17:11 | Queue | Archer |
| 17:11 | Queue | Archer |
| 17:14 | Build | House |
| 17:48 | Build | House |
| 18:19 | Build | Town Center |
| 19:09 | Research | Double-Bit Axe |
| 19:45 | Build | Blacksmith |
| 20:11 | Build | Farm |
| 20:11 | Build | Farm |
| 20:12 | Build | Farm |
| 20:12 | Build | Farm |
| 20:13 | Queue | Archer |
| 20:13 | Queue | Archer |
| 20:13 | Queue | Archer |
| 20:47 | Build | Farm |
| 20:47 | Build | Farm |
| 20:48 | Build | Farm |
| 20:48 | Build | Farm |
| 21:32 | Queue | Archer |
| 21:32 | Queue | Archer |
| 21:49 | Queue | Villager (Male) |
| 21:50 | Queue | Villager (Male) |
| 21:55 | Queue | Archer |
| 21:55 | Queue | Archer |
| 22:32 | Research | Fletching |
| 23:08 | Queue | Villager (Male) |
| 24:02 | Queue | Villager (Male) |
| 24:03 | Queue | Villager (Male) |
| 24:06 | Queue | Archer |
| 24:06 | Queue | Archer |
| 24:07 | Queue | Archer |
| 24:50 | Queue | Villager (Male) |
| 25:14 | Build | Farm |
| 25:14 | Build | Farm |
| 25:28 | Queue | Villager (Male) |
| 25:29 | Queue | Villager (Male) |
| 27:03 | Queue | Archer |
| 27:04 | Queue | Archer |
| 27:04 | Queue | Archer |
| 27:29 | Queue | Archer |
| 27:30 | Queue | Archer |
| 27:51 | Queue | Villager (Male) |
| 27:51 | Queue | Villager (Male) |
| 27:55 | Build | Farm |
| 27:55 | Build | Farm |
| 27:55 | Build | Farm |
| 27:56 | Build | Farm |
| 27:56 | Build | Farm |
| 28:05 | Build | Lumber Camp |
| 28:49 | Queue | Villager (Male) |
| 29:09 | Build | Market |
| 29:31 | Queue | Villager (Male) |
| 29:55 | Queue | Villager (Male) |
| 30:25 | Research | Castle Age |
| 30:25 | Research | Castle Age |
| 30:42 | Queue | Archer |
| 30:42 | Queue | Archer |
| 31:29 | Research | Padded Archer Armor |
| 31:32 | Queue | Archer |
| 31:33 | Queue | Archer |
| 31:50 | Build | Archery Range |
| 31:52 | Build | Archery Range |
| 31:54 | Queue | Archer |
| 31:54 | Queue | Archer |
| 32:29 | Build | House |
| 32:30 | Build | House |
| 32:30 | Build | House |
| 32:36 | Queue | Spearman |
| 32:36 | Queue | Spearman |
| 32:37 | Queue | Spearman |
| 33:05 | Age | Castle Age |
| 33:09 | Build | University |
| 33:15 | Build | Monastery |
| 33:18 | Research | Crossbowman (upgrade) |
| 33:23 | Research | Crossbowman (upgrade) |
| 33:38 | Build | Siege Workshop |
| 33:46 | Queue | Monk |
| 33:46 | Queue | Monk |
| 33:53 | Research | Ballistics |
| 34:03 | Queue | Villager (Male) |
| 34:03 | Queue | Villager (Male) |
| 35:12 | Build | Lumber Camp |
| 35:58 | Queue | Villager (Male) |
| 35:58 | Queue | Villager (Male) |
| 35:58 | Queue | Villager (Male) |
| 36:50 | Build | Town Center |
| 37:35 | Build | Farm |
| 37:35 | Build | Farm |
| 37:35 | Build | Farm |
Build order — apyrupa_Veloz
First 150 of 827 actions detected
| 0:00 | Queue | Villager (Male) |
| 0:00 | Queue | Villager (Male) |
| 0:01 | Queue | Villager (Male) |
| 0:01 | Queue | Villager (Male) |
| 0:02 | Build | House |
| 0:05 | Build | House |
| 0:24 | Queue | Villager (Male) |
| 1:26 | Queue | Villager (Male) |
| 1:26 | Queue | Villager (Male) |
| 2:08 | Queue | Villager (Male) |
| 2:09 | Queue | Villager (Male) |
| 2:40 | Build | Lumber Camp |
| 2:42 | Queue | Villager (Male) |
| 2:42 | Queue | Villager (Male) |
| 3:02 | Build | House |
| 3:03 | Build | House |
| 3:34 | Queue | Villager (Male) |
| 3:34 | Queue | Villager (Male) |
| 3:34 | Queue | Villager (Male) |
| 4:09 | Queue | Villager (Male) |
| 4:10 | Queue | Villager (Male) |
| 4:10 | Queue | Villager (Male) |
| 5:06 | Queue | Villager (Male) |
| 6:00 | Queue | Villager (Male) |
| 6:00 | Queue | Villager (Male) |
| 6:03 | Research | Loom |
| 6:31 | Queue | Villager (Male) |
| 7:28 | Queue | Villager (Male) |
| 7:28 | Queue | Villager (Male) |
| 7:55 | Build | House |
| 7:57 | Build | House |
| 8:45 | Build | Town Center |
| 9:56 | Queue | Villager (Male) |
| 9:56 | Queue | Villager (Male) |
| 9:57 | Queue | Villager (Male) |
| 9:57 | Queue | Villager (Male) |
| 9:57 | Queue | Villager (Male) |
| 9:57 | Queue | Villager (Male) |
| 9:58 | Queue | Villager (Male) |
| 9:58 | Queue | Villager (Male) |
| 12:13 | Queue | Villager (Male) |
| 13:57 | Build | Mill |
| 15:15 | Queue | Villager (Male) |
| 15:15 | Queue | Villager (Male) |
| 15:44 | Queue | Villager (Male) |
| 16:25 | Queue | Villager (Male) |
| 16:29 | Queue | Villager (Male) |
| 16:55 | Build | House |
| 16:57 | Build | House |
| 17:00 | Build | House |
| 17:53 | Build | Farm |
| 17:54 | Build | Farm |
| 17:54 | Build | Farm |
| 17:54 | Build | Farm |
| 17:54 | Build | Farm |
| 17:55 | Build | Farm |
| 17:55 | Build | Farm |
| 17:55 | Build | Farm |
| 17:55 | Build | Farm |
| 17:56 | Build | Farm |
| 17:56 | Build | Farm |
| 18:12 | Research | Feudal Age |
| 19:10 | Build | Mining Camp |
| 19:33 | Queue | Villager (Male) |
| 20:15 | Age | Feudal Age |
| 20:25 | Build | Watch Tower |
| 20:40 | Queue | Villager (Male) |
| 20:40 | Queue | Villager (Male) |
| 21:32 | Build | Market |
| 21:42 | Queue | Villager (Male) |
| 21:43 | Queue | Villager (Male) |
| 21:51 | Build | Lumber Camp |
| 21:55 | Queue | Villager (Male) |
| 21:55 | Queue | Villager (Male) |
| 22:09 | Queue | Villager (Male) |
| 22:32 | Queue | Villager (Male) |
| 22:33 | Queue | Villager (Male) |
| 22:39 | Build | Lumber Camp |
| 22:55 | Research | Double-Bit Axe |
| 23:43 | Queue | Villager (Male) |
| 23:43 | Queue | Villager (Male) |
| 23:57 | Build | Watch Tower |
| 24:00 | Queue | Villager (Male) |
| 24:00 | Queue | Villager (Male) |
| 24:05 | Queue | Villager (Male) |
| 24:05 | Queue | Villager (Male) |
| 24:47 | Build | Mining Camp |
| 25:22 | Build | Blacksmith |
| 25:27 | Queue | Villager (Male) |
| 25:28 | Queue | Villager (Male) |
| 25:43 | Build | Farm |
| 25:44 | Build | Farm |
| 25:48 | Queue | Villager (Male) |
| 25:48 | Queue | Villager (Male) |
| 27:29 | Build | Mining Camp |
| 27:59 | Research | Castle Age |
| 28:32 | Research | Fletching |
| 29:04 | Build | Barracks |
| 29:08 | Research | Scale Barding Armor |
| 29:19 | Build | Farm |
| 29:24 | Build | Farm |
| 30:34 | Age | Castle Age |
| 30:47 | Build | Town Center |
| 31:07 | Queue | Villager (Male) |
| 31:07 | Queue | Villager (Male) |
| 31:36 | Build | Stable |
| 31:43 | Queue | Villager (Male) |
| 31:43 | Queue | Villager (Male) |
| 31:43 | Queue | Villager (Male) |
| 31:44 | Queue | Villager (Male) |
| 32:14 | Queue | Camel Scout |
| 33:00 | Build | Monastery |
| 33:02 | Queue | Villager (Male) |
| 33:12 | Queue | Villager (Male) |
| 33:12 | Queue | Villager (Male) |
| 33:34 | Queue | Villager (Male) |
| 33:34 | Queue | Villager (Male) |
| 33:59 | Build | Castle |
| 34:07 | Queue | Villager (Male) |
| 34:07 | Queue | Villager (Male) |
| 35:15 | Build | Farm |
| 35:16 | Build | Farm |
| 35:16 | Build | Farm |
| 35:16 | Build | Farm |
| 35:16 | Build | Farm |
| 35:17 | Build | Farm |
| 35:17 | Build | Farm |
| 35:17 | Build | Farm |
| 35:33 | Build | Lumber Camp |
| 35:42 | Queue | Villager (Male) |
| 35:42 | Queue | Villager (Male) |
| 35:43 | Queue | Villager (Male) |
| 36:20 | Queue | Villager (Male) |
| 36:31 | Build | Farm |
| 36:32 | Build | Farm |
| 37:07 | Build | Siege Workshop |
| 37:08 | Queue | Villager (Male) |
| 37:08 | Queue | Villager (Male) |
| 37:08 | Queue | Villager (Male) |
| 37:09 | Queue | Villager (Male) |
| 37:31 | Queue | Villager (Male) |
| 37:35 | Queue | Villager (Male) |
| 37:53 | Build | Lumber Camp |
| 37:57 | Queue | Villager (Male) |
| 37:57 | Queue | Villager (Male) |
| 37:59 | Queue | Villager (Male) |
| 38:09 | Queue | Mangonel |
| 38:12 | Queue | Villager (Male) |
| 38:13 | Queue | Villager (Male) |
| 38:13 | Queue | Villager (Male) |
Match timeline
| 7:56 | Mr Robot · first_building Barracks |
| 9:44 | Mr Robot · age_up feudal |
| 10:36 | Mr Robot · first_building Archery Range |
| 20:15 | apyrupa_Veloz · age_up feudal |
| 25:54 | apyrupa_Veloz · first_market_sell 100 wood |
| 27:55 | apyrupa_Veloz · first_market_buy 100 food |
| 29:04 | apyrupa_Veloz · first_building Barracks |
| 30:13 | Mr Robot · first_market_buy 100 food |
| 30:34 | apyrupa_Veloz · age_up castle |
| 31:36 | apyrupa_Veloz · first_building Stable |
| 33:00 | apyrupa_Veloz · first_building Monastery |
| 33:05 | Mr Robot · age_up castle |
| 33:15 | Mr Robot · first_building Monastery |
| 33:38 | Mr Robot · first_building Siege Workshop |
| 33:59 | apyrupa_Veloz · first_building Castle |
| 34:39 | Mr Robot · first_market_sell 100 wood |
| 37:07 | apyrupa_Veloz · first_building Siege Workshop |
| 45:58 | Mr Robot · first_building Stable |
| 47:06 | Mr Robot · first_building Castle |
| 47:20 | apyrupa_Veloz · first_building Archery Range |
| 48:41 | apyrupa_Veloz · age_up imperial |
| 54:55 | Mr Robot · age_up imperial |
| 55:08 | apyrupa_Veloz · wall_segment Stone Wall x11 |
| 84:20 | Mr Robot · resign |
[ AI ANALYSIS · 1 CREDIT ]
What really happened in this match?
Wolo.gg analyzes every decision: build order, eco, micro, common mistakes by bracket. Personalized analysis on WhatsApp or Discord in 30 seconds.
Civ guide
Chinese
Perfil
Jugador #1960720